 Dungeon Crawl Stone Soup version 0.30-a0-1160-g6e42c06551 (webtiles) character file.

Game seed: 2810511722152884072

9450 cheesebisquit the Grappler (level 11, -16/96 (109) HPs)
             Began as a Troll Fighter on Apr 26, 2023.
             Killed from afar by Josephine (25 damage)
             ... with a ghostly fireball
             ... on level 10 of the Dungeon.
             The game lasted 00:26:27 (8539 turns).

cheesebisquit the Grappler (Troll Fighter)          Turns: 8539, Time: 00:26:28

HP:   -16/96 (109)  AC:  9    Str: 30    XL:     11   Next: 23%
MP:   10/10         EV:  9    Int:  4    God:
Gold: 506           SH: 10    Dex:  9    Spells: 10/10 levels left

rFire   . .          .
                       - Unarmed
rCold   . . .        b - +1 kite shield
rNeg    . . .        a - +0 robe
rPois   .            r - +2 hat {Stlth+}
rElec   .            g - +2 cloak
rCorr   .            (gloves unavailable)
SInv    .            (boots unavailable)
Will    .....        o - amulet of magic regeneration
Stlth   ++           s - +4 ring of slaying
HPRegen 1.16/turn    (no ring)
MPRegen 0.52/turn

%: no passive effects
@: slowed, heavily drained, very slow
A: large, unfitting armour, claws 3, regeneration 1, shaggy fur 1, tough skin 1
a: no special abilities


You were on level 10 of the Dungeon.
You visited 2 branches of the dungeon, and saw 11 of its levels.
You also visited: Ossuary.

You collected 737 gold pieces.
You spent 231 gold pieces at shops.

Inventory:

Hand Weapons
 v - a +0 war axe of flaming
 E - a +0 morningstar
 L - a +0 giant spiked club
Missiles
 e - 98 stones (quivered)
 t - 4 poisoned darts
 x - 3 silver boomerangs
 F - 2 throwing nets
Armour
 a - a +0 robe (worn)
 b - a +1 kite shield (worn)
 g - a +2 cloak (worn)
 r - a +2 hat of stealth (worn)
Jewellery
 o - an amulet of magic regeneration (around neck)
 s - a +4 ring of slaying (left claw)
 M - a +4 ring of protection
 N - a ring of positive energy
Wands
 c - a wand of mindburst (11)
 z - a wand of polymorph (8)
 C - a wand of flame (9)
 G - a wand of roots (6)
 K - a wand of paralysis (9)
Scrolls
 h - 5 scrolls of teleportation
 i - 2 scrolls of fog {unknown}
 j - 2 scrolls of butterflies
 l - 4 scrolls of fear {unknown}
 m - 2 scrolls of vulnerability {unknown}
 n - 3 scrolls of blinking {unknown}
 p - 2 scrolls of immolation {unknown}
 q - 2 scrolls of enchant armour
 u - a scroll of enchant weapon {unknown}
 y - a scroll of acquirement {unknown}
 D - a scroll of silence {unknown}
 I - 2 scrolls of identify
Potions
 f - 5 potions of lignification
 k - 3 potions of mutation
 A - a potion of flight {unknown}
 B - a potion of magic {unknown}
 H - 2 potions of brilliance {unknown}
 J - a potion of cancellation {unknown}


   Skills:
 + Level 7.1 Fighting
 + Level 7.1 Throwing
 - Level 2.4 Dodging
 + Level 7.7 Shields
 * Level 11.4 Unarmed Combat


You had 10 spell levels left.
You didn't know any spells.
Your spell library contained the following spells:

 Spells                   Type           Power      Damage    Failure   Level
 Sandblast                Erth           0%         2d4       67%         1
 Passwall                 Tmut/Erth      0%         N/A       82%         2
 Inner Flame              Hex/Fire       0%         N/A       96%         3
 Stone Arrow              Conj/Erth      0%         3d7       96%         3
 Anguish                  Hex/Necr       0%         N/A       100%        4
 Cause Fear               Hex            0%         N/A       100%        4
 Flame Wave               Conj/Fire      0%         2d4       100%        4
 Sticky Flame             Conj/Fire      0%         2d3       100%        4
 Enfeeble                 Hex            0%         N/A       100%        7


Dungeon Overview and Level Annotations

Branches:
Dungeon (10/15)            Temple (1/1) D:4         Ossuary (visited)
   Lair: D:8-11         Orc: D:9-12

Altars:
Cheibriados
Dithmenos
Elyvilon
Fedhas
Gozag
Hepliaklqana
Kikubaaqudgha
Makhleb
Nemelex Xobeh
Okawaru
Qazlal
Ru
Sif Muna
Trog
Uskayaw
Vehumet
Wu Jian
Xom
Yredelemnul
Zin
The Shining One

Shops:
D:1 *   D:2 [   D:4 *   D:7 [

Annotations:
D:9 1 runed translucent door, Scratchers's ghost, novice MiFi
D:10 Josephine


Innate Abilities, Weirdness & Mutations

You are too large for most types of armour.
You have claws for hands.
Your natural rate of healing is unusually fast.
You are covered in fur. (AC +1)
You have tough skin. (AC +1)


Message History

The wraith hits you but does no damage. The wraith hits you.
Josephine drinks a potion.
Josephine suddenly seems more resistant.
You block the wraith's attack.
You completely miss the wraith.
The wraith is severely damaged.
You block the wraith's attack. The wraith closely misses you.
The wraith barely misses you.
You scratch the wraith.
The wraith is severely damaged.
The wraith hits you but does no damage. The wraith completely misses you.
The wraith hits you! The wraith drains your vigour!
You feel as though you will be slow longer.
The wraith hits you but does no damage. The wraith hits you!
* * * LOW HITPOINT WARNING * * *
The wraith drains your vigour!
You feel as though you will be slow longer.
The wraith hits you.
* * * LOW HITPOINT WARNING * * *
The wraith drains your vigour!
You feel as though you will be slow longer.
You claw the wraith!
The wraith is almost destroyed.
The wraith hits you!
* * * LOW HITPOINT WARNING * * *
You block the wraith's attack.
You completely miss Josephine. The wraith barely misses you.
You barely miss Josephine. You block the wraith's attack.
The wraith hits you but does no damage. Josephine barely misses you.
You closely miss the wraith.
The wraith is almost destroyed.
Josephine hits you but does no damage. The wraith hits you.
* * * LOW HITPOINT WARNING * * *
The wraith barely misses you. You block the wraith's attack.
The wraith hits you.
* * * LOW HITPOINT WARNING * * *
Josephine points at you and mumbles some strange words.
The ghostly flame explodes!
The ghostly fireball engulfs you!!
You feel drained.
You die...

..#.).#....# #..........
..#####..###............
.........# ...##........
........###.## #........
....>.#.....# ......
..........### #....
.........## #....
.....^....##... .....
....#.)@W...... .....
...##.@WW...##. .....
#..#..)....## ....
#(.........# #
.:....[....#
.#......#### # #.......
.... .....##. .!...
.....


You could see Josephine (resistant) and 3 wraiths.

Vanquished Creatures
  Gastronok (D:10)
  3 two-headed ogres
  A manticore (D:10)
  A troll (D:9)
  Grum (D:8)
  6 yaks (D:9)
  A steam dragon (D:9)
  Menkaure (D:5)
  A water moccasin (D:8)
  3 orc warriors
  2 sky beasts
  4 centaurs
  2 ogres
  4 wolves (D:8)
  Blork the orc (D:6)
  3 bullfrogs
  2 kobold brigands
  3 gnoll sergeants
  3 scorpions
  20 wights
  11 killer bees
  2 hounds
  4 jellies
  4 orc priests
  A gnoll bouda (D:10)
  2 sleepcaps
  Natasha (twice) (D:3)
  6 orc wizards
  An iguana (D:5)
  2 mummies (Ossuary)
  24 gnolls
  6 adders
  2 shadow imps (D:7)
  4 white imps
  5 ufetubi
  A worm (D:2)
  2 dart slugs (D:4)
  36 orcs
  2 ball pythons
  8 endoplasms
  6 giant cockroaches
  4 gnoll zombies (Ossuary)
  12 goblins
  6 hobgoblins
  4 jackals (D:2)
  14 kobolds
  7 quokkas
  3 bats
  5 frilled lizards
  4 goblin zombies (Ossuary)
  3 hobgoblin zombies (Ossuary)
  3 orc zombies (Ossuary)
  4 rats
263 creatures vanquished.

Vanquished Creatures (others)
  An angel (D:10)
  A gnoll (D:10)
2 creatures vanquished.

Grand Total: 265 creatures vanquished

Notes
Turn   | Place    | Note
-------+----------+-------------------------------------------
     0 | D:1      | cheesebisquit the Troll Fighter began the quest for the
                  | Orb.
     0 | D:1      | Reached XP level 1. HP: 22/22 MP: 0/0
   197 | D:1      | Found Moshruc's Assorted Antiques.
   315 | D:1      | Reached XP level 2. HP: 29/29 MP: 1/1
   842 | D:2      | Found Entaeron's Armour Emporium.
   847 | D:2      | Reached XP level 3. HP: 36/36 MP: 2/2
   852 | D:2      | Reached skill level 1 in Throwing
  1121 | D:2      | Reached skill level 3 in Unarmed Combat
  1475 | D:3      | Reached XP level 4. HP: 43/44 MP: 3/3
  1782 | D:3      | Found a burning altar of Makhleb.
  1782 | D:3      | Noticed a blizzard demon
  1785 | D:3      | Noticed a ynoxinul
  1785 | D:3      | Noticed a ynoxinul
  1821 | D:3      | Noticed Natasha
  1827 | D:3      | Killed Natasha
  1828 | D:3      | Reached XP level 5. HP: 52/53 MP: 4/4
  1870 | D:3      | Noticed Natasha
  1876 | D:3      | Killed Natasha
  1933 | D:3      | Found a glowing golden altar of the Shining One.
  2123 | D:4      | Found a sand-covered staircase.
  2130 | D:4      | Found a sacrificial altar of Ru.
  2151 | Ossuary  | Entered an ossuary
  2169 | Ossuary  | Reached skill level 4 in Unarmed Combat
  2295 | D:4      | Found a staircase to the Ecumenical Temple.
  2304 | Temple   | Entered the Ecumenical Temple
  2553 | D:4      | Found Bahoshramp's Neck Hole.
  2570 | D:4      | Reached XP level 6. HP: 56/61 MP: 5/5
  2570 | D:4      | Bought a +2 cloak for 231 gold pieces
  3402 | D:5      | Entered Level 5 of the Dungeon
  3452 | D:5      | Reached skill level 5 in Unarmed Combat
  3482 | D:5      | Reached XP level 7. HP: 68/68 MP: 6/6
  3861 | D:5      | Noticed Menkaure
  3866 | D:5      | Killed Menkaure
  3867 | D:5      | Reached skill level 6 in Unarmed Combat
  4235 | D:6      | Reached XP level 8. HP: 78/78 MP: 7/7
  4272 | D:6      | You fall into a shaft and drop 2 floors!
  4332 | D:8      | Reached skill level 7 in Unarmed Combat
  4336 | D:8      | Reached skill level 5 in Shields
  4343 | D:8      | Noticed a two-headed ogre
  4352 | D:8      | Killed a two-headed ogre
  4353 | D:8      | Reached skill level 5 in Fighting
  4353 | D:8      | Reached XP level 9. HP: 33/88 MP: 8/8
  4355 | D:8      | Noticed a two-headed ogre
  4362 | D:8      | Killed a two-headed ogre
  4363 | D:8      | Reached skill level 5 in Throwing
  4363 | D:8      | Reached skill level 8 in Unarmed Combat
  4443 | D:8      | Noticed Grum
  4457 | D:8      | Killed Grum
  4539 | D:8      | Reached skill level 9 in Unarmed Combat
  4744 | D:8      | Found an ornate altar of the Wu Jian Council.
  5087 | D:7      | Reached XP level 10. HP: 87/97 MP: 9/9
  5196 | D:7      | Found a basalt altar of Yredelemnul.
  5216 | D:7      | Found Ixalixon's Antique Armour Boutique.
  6208 | D:6      | Noticed Blork the orc
  6216 | D:6      | Killed Blork the orc
  6845 | D:8      | Found a hide-covered altar of Uskayaw.
  6845 | D:8      | Found a bloodstained altar of Trog.
  6865 | D:8      | Identified the +0 robe "Xuappaxe" {Drain rN+++ SInv}
  7349 | D:9      | Found a runed translucent door.
  7349 | D:9      | Noticed Scratchers's ghost (novice MiFi)
  7440 | D:9      | Reached skill level 10 in Unarmed Combat
  7615 | D:9      | Noticed a two-headed ogre
  7623 | D:9      | Killed a two-headed ogre
  8096 | D:10     | Entered Level 10 of the Dungeon
  8104 | D:10     | Reached skill level 11 in Unarmed Combat
  8108 | D:10     | Noticed Gastronok
  8225 | D:10     | Found an ancient bone altar of Kikubaaqudgha.
  8256 | D:10     | Noticed a manticore
  8268 | D:10     | Killed a manticore
  8269 | D:10     | Reached XP level 11. HP: 56/107 MP: 10/10
  8345 | D:10     | Killed Gastronok
  8464 | D:10     | Killed an angel
  8498 | D:10     | Found a shimmering altar of Xom.
  8506 | D:10     | Found a glowing silver altar of Zin.
  8530 | D:10     | Noticed Josephine
  8539 | D:10     | Killed from afar by Josephine

Illustrated notes

Levels and vault maps discovered:
D:1:      dpeg_arrival_simpleton_a, layout_loops_ring, serial_shops,
          nicolae_shop_behind_doors
D:2:      layout_loops_ring, serial_shops, nicolae_shop_stone
D:3:      layout_rooms, makhleb_altar_promises_db, mainiacjoe_overflow_brackets,
          interstate_on_off, uniq_natasha
D:4:      layout_layer_cave, kennysheep_mini, minmay_temple_entry_butterflies,
          gup_sewer_entry_pipe, enter_ossuary_1,
          nicolae_shop_sticking_my_neck_out
D:5:      layout_gridville, uniq_menkaure
D:6:      layout_basic, serial_glass, glass_columns_a, glass_columns_b,
          corexii_corridor_pit, uniq_blork_the_orc
D:7:      layout_cave_pods, nicolae_overflow_crystal_walls, serial_shops,
          nicolae_shop_stone, hex_large, minmay_misc_feat_square
D:8:      layout_loops_ring, grunt_temple_overflow_open, grunt_ministairs_1,
          chequers_serial_rivers_micro_d, uniq_grum
D:9:      layout_basic, hellmonk_ghost_happy_afterlife
D:10:     layout_cave_pools, grunt_temple_overflow_order_and_chaos_1,
          mainiacjoe_overflow_concentric_impassable,
          mainiacjoe_overflow_small_starburst, nicolae_underground_beach,
          uniq_josephine, uniq_urug, uniq_gastronok
Temple:   minmay_temple_curvy_loop

Skill      XL: |  1  2  3  4  5  6  7  8  9 10 11 |
---------------+----------------------------------+-----
Throwing       | 1 2 3 4 5 6 7 |  7.1
Unarmed Combat | 3 4 5 6 7 9 11 | 11.4
Shields        | 3 4 5 6 7 |  7.7
Fighting       | 3 4 5 6 7 |  7.1
Dodging        | |  2.4

Action                     |  1- 3 |  4- 6 |  7- 9 | 10-12 || total
---------------------------+-------+-------+-------+-------++-------
  Melee: Unarmed           |    99 |   153 |   202 |   245 ||   699
  Throw: Stone             |       |       |    12 |     1 ||    13
         Boomerang         |       |       |     7 |       ||     7
    Use: Potion            |       |     1 |     4 |    12 ||    17
         Scroll            |       |    10 |     2 |       ||    12
   Stab: Sleeping          |       |     1 |       |       ||     1
 Armour: Robe              |    26 |    43 |    63 |    75 ||   207
  Dodge: Dodged            |    38 |    50 |    74 |   128 ||   290
  Block: Kite shield       |    37 |    58 |   101 |   142 ||   338

Table legend: (Time is in decaauts)
 A = Elapsed time spent in this place.
 B = Non-inter-level travel time spent in this place.
 C = Inter-level travel time spent in this place.
 D = Time resting spent in this place.
 E = Time spent auto-exploring this place.
 F = Levels seen in this place.
 G = Mean time per level.
                   A        B        C        D        E       F      G
               +--------+--------+--------+--------+--------+-----+--------+
         Total |   8451 |   7706 |    745 |      4 |   6147 |  12 |  704.2 |
       Dungeon |   8092 |   7371 |    721 |      4 |   5883 |  10 |  809.2 |
        Temple |    217 |    193 |     24 |      0 |    188 |   1 |  217.0 |
       Ossuary |    141 |    141 |      0 |      0 |     76 |   1 |  141.0 |
               +--------+--------+--------+--------+--------+-----+--------+

Top non-repeatable levels by time:
     D:7: 1309 daAuts
     D:4: 1021 daAuts
     D:8: 943 daAuts
     D:9: 869 daAuts
     D:5: 831 daAuts
     D:6: 782 daAuts
     D:2: 769 daAuts
     D:1: 691 daAuts
     D:3: 569 daAuts
    D:10: 303 daAuts
  Temple: 217 daAuts
 Ossuary: 141 daAuts
